 Dungeon Crawl Stone Soup version 0.22-a0-443-g17c3723 (webtiles) character file.

354 Gorglomux the Chopper (level 6, -1/37 HPs)
             Began as a Gargoyle Fighter on June 1, 2018.
             Slain by a gnoll
             ... wielding a +0 spear
              (5 damage)
             ... on level 4 of the Dungeon.
             The game lasted 00:01:21 (1650 turns).

Gorglomux the Chopper (Gargoyle Fighter)            Turns: 1650, Time: 00:01:22

Health: -1/37      AC: 11    Str: 19 (22) XL:     6   Next: 62%
Magic:  6/6        EV:  7    Int:  6 (8)  God:
Gold:   133        SH:  8    Dex:  7 (9)  Spells: 5/5 levels left

rFire    + . .     SeeInvis .   i - +2 hand axe (elec)
rCold    + . .     Gourm    .   c - +0 shield
rNeg     + . .     Faith    .   b - +0 scale mail
rPois    ∞         Spirit   .   (no helmet)
rElec    +         Reflect  .   (no cloak)
rCorr    +         Harm     .   (no gloves)
MR       .....                  (no boots)
Stlth    ..........             (no amulet)
HPRegen  0.12/turn              (no ring)
MPRegen  0.10/turn              (no ring)

@: resistant
A: negative energy resistance 1, electricity resistance, unbreathing,
petrification resistance, rot immunity, AC +4
a: no special abilities


You were on level 4 of the Dungeon.
You were near starving.

You visited 1 branch of the dungeon, and saw 4 of its levels.

You collected 133 gold pieces.

Inventory:

Hand Weapons
 a - a +0 war axe
 i - a +2 hand axe of electrocution (weapon)
Armour
 b - a +0 scale mail (worn)
 c - a +0 shield (worn)
Scrolls
 g - 2 scrolls of blinking {unknown}
 j - 3 scrolls of magic mapping {unknown}
 k - a scroll of amnesia {unknown}
 n - 5 scrolls of remove curse {unknown}
 o - 4 scrolls of teleportation {unknown}
 p - 4 scrolls of identify {unknown}
 q - a scroll of immolation {unknown}
Potions
 d - 2 potions of might
Comestibles
 f - 5 rations


   Skills:
 + Level 3.3 Fighting
 + Level 6.1 Axes
 + Level 3.3 Armour
 + Level 3.3 Shields


You had 5 spell levels left.
You didn't know any spells.
Your spell library was empty.

Dungeon Overview and Level Annotations

Branches:
Dungeon (4/15)
 Temple: D:4-7

Altars:
Dithmenos
Fedhas
Gozag
Makhleb
Nemelex Xobeh
Qazlal
Uskayaw
Xom
The Shining One


Innate Abilities, Weirdness & Mutations

You are resistant to torment.
Your stone body is resilient. (AC +4)
You are immune to poison.
You resist negative energy. (rN+)
You are resistant to electric shocks. (rElec)
You can survive without breathing.
You are immune to petrification.
You are immune to rotting.


Message History

You block the gnoll's attack! You block the gnoll'butts attack!
The gnoll shaman hits you but does no damage!
The gnoll hits you with a spear! * * * don't die
* * * The gnoll butts butt but does no damage!
Unknown command!
It was a potion of resistance!
You feel protected! You block the gnoll's attack!
The gnoll hits you but does no damage!
The gnoll shaman hits you with a whip! * * * don't die
* * * You block the gnoll's attack!
The gnoll hits you but does no damage!
Unknown command!
You chop the gnoll into pieces!
The gnoll is almost dead!
You closely miss the gnoll shaman! You carve the crimson imp like a ham!
You cut the gnoll into ribbons! You closely miss the gnoll!
You butt the gnoll's attack!
The gnoll butts you but does no damage! You block the crimson imp's attack!
The gnoll hits you with a spear! rip

..........................
............_.............
..........................
..........................
...................#.#..#
..........(.......####.#
..................##....
.......g................
......g@5..........+.._.
......gg..........#.....
......g...........#.....
..................#.#.+#
..................#### #
....<.............
################.


You could see a gnoll shaman, 4 gnolls and a crimson imp.

Vanquished Creatures
  The ghost of Zorot the Insei, an amateur OpTm (D:4)
  3 orc wizards
  A hound skeleton (D:4)
  A gnoll (D:4)
  2 adders
  A white imp (D:4)
  An ooze (D:3)
  An adder skeleton (D:4)
  A worm (D:2)
  5 leopard geckos
  4 orcs
  2 goblins
  A hobgoblin (D:1)
  7 jackals
  A quokka (D:3)
  5 bats
  2 frilled lizards
  2 goblin skeletons (D:4)
  2 goblin zombies (D:4)
  A hobgoblin zombie (D:4)
  5 kobolds
  2 kobold skeletons (D:4)
  A kobold zombie (D:4)
  An orc zombie (D:4)
  4 rats
57 creatures vanquished.

Notes
Turn   | Place    | Note
-------+----------+-------------------------------------------
     0 | D:1      | Gorglomux the Gargoyle Fighter began the quest for the Orb.
     0 | D:1      | Reached XP level 1. HP: 14/14 MP: 1/1
   121 | D:1      | Reached skill level 2 in Axes
   156 | D:1      | Found a shimmering altar of Xom.
   161 | D:1      | Found a basalt altar of Yredelemnul.
   161 | D:1      | Found a sparkling altar of Nemelex Xobeh.
   163 | D:1      | Found a shimmering altar of Xom.
   163 | D:1      | Found a blossoming altar of Fedhas.
   163 | D:1      | Found a hide-covered altar of Uskayaw.
   209 | D:1      | Reached XP level 2. HP: 17/19 MP: 2/2
   395 | D:2      | Reached skill level 3 in Axes
   395 | D:2      | Reached XP level 3. HP: 20/23 MP: 3/3
   529 | D:2      | Found a burning altar of Makhleb.
   529 | D:2      | Noticed an Executioner
   657 | D:3      | Found a stormy altar of Qazlal.
   665 | D:3      | Found a blossoming altar of Fedhas.
   801 | D:3      | Reached skill level 4 in Axes
   801 | D:3      | Reached XP level 4. HP: 26/28 MP: 4/4
  1146 | D:4      | Found an opulent altar of Gozag.
  1157 | D:4      | Reached XP level 5. HP: 24/32 MP: 5/5
  1383 | D:4      | Noticed Zorot's ghost (amateur OpTm)
  1393 | D:4      | Killed Zorot's ghost
  1393 | D:4      | Reached skill level 6 in Axes
  1393 | D:4      | Reached XP level 6. HP: 31/37 MP: 6/6
  1474 | D:4      | Found a shadowy altar of Dithmenos.
  1565 | D:4      | Found a glowing golden altar of the Shining One.
  1650 | D:4      | Slain by a gnoll

Vault maps used:
D:1:      dpeg_arrival_rhombus, doesnt_xom_only_xom
D:2:      lemuel_crystal_altar, makhleb_altar_promises_db, uniq_jessica
D:3:      grunt_temple_overflow_forces_of_nature, first_ration,
          kennysheep_cross_bottleneck, item_on_display_b
D:4:      lemuel_round_altar, overflow_temple_1_default,
          nicolae_tso_besieged_by_evil, kennysheep_small_square,
          uniq_blork_the_orc

Skill      XL: |  1  2  3  4  5 |
---------------+----------------+-----
Axes           | 2 3 4 6 |  6.1
Fighting       | |  3.3
Armour         | |  3.3
Shields        | |  3.3

Action                   |  1- 3 |  4- 6 || total
-------------------------+-------+-------++-------
Melee: War axe           |    19 |       ||    19
       Hand axe          |    74 |    71 ||   145
  Use: Potion            |       |     2 ||     2
  Eat: Chunk             |       |     1 ||     1
Armor: Scale mail        |    41 |    48 ||    89
Dodge: Dodged            |    27 |    19 ||    46
Block: Shield            |    41 |    30 ||    71

Table legend:
 A = Spawn XP
 B = Non-spawn XP
 C = Spawn XP percentage of total XP
 D = Spawn monster count
 E = Non-spawn monster count
 F = Spawn count percentage of total count
 G = Total turns spent on level
                    A         B        C        D         E        F      G
               +---------+---------+-------+---------+---------+-------+---------
         Total |       0 |     506 |   0.0 |       0 |      57 |   0.0 |  1650
               +---------+---------+-------+---------+---------+-------+---------
           D:1 |       0 |      20 |   0.0 |       0 |      13 |   0.0 |   290
           D:2 |       0 |      24 |   0.0 |       0 |       7 |   0.0 |   344
           D:3 |       0 |      91 |   0.0 |       0 |      17 |   0.0 |   502
           D:4 |       0 |     371 |   0.0 |       0 |      20 |   0.0 |   514
               +---------+---------+-------+---------+---------+-------+---------
